 Dungeon Crawl Stone Soup version 0.29.1-2-gbd0b4ee654 (webtiles) character file.

Game seed: 7709740635355020305

130 Firos the Slasher (level 4, 0/38 HPs)
             Began as a Minotaur Gladiator on Nov 15, 2022.
             Slain by a gnoll
             ... wielding a +0 long sword
              (3 damage)
             ... on level 3 of the Dungeon.
             The game lasted 00:02:15 (2426 turns).

Firos the Slasher (Minotaur Gladiator)              Turns: 2426, Time: 00:02:15

Health: 0/38       AC:  6    Str: 19    XL:     4   Next: 89%
Magic:  3/3        EV: 12    Int:  5    God:
Gold:   197        SH:  0    Dex: 13    Spells: 3/3 levels left

rFire   . . .      SeeInvis .   a - +0 long sword
rCold   . . .      Faith    .   (no shield)
rNeg    . . .      Spirit   .   g - +0 ring mail
rPois   .          Reflect  .   c - +0 hat
rElec   .          Harm     .   f - +0 cloak
rCorr   .          Rampage  .   (no gloves)
Will    .....                   (no boots)
Stlth   +.........              (no amulet)
HPRegen 0.12/turn               (no ring)
MPRegen 0.08/turn               (no ring)

@: no status effects
A: horns 2, retaliatory headbutt
a: no special abilities


You were on level 3 of the Dungeon.
You visited 1 branch of the dungeon, and saw 3 of its levels.

You collected 197 gold pieces.

Inventory:

Hand Weapons
 a - a +0 long sword (weapon)
Missiles
 d - 3 throwing nets (quivered)
 e - a javelin
Armour
 b - a +0 leather armour
 c - a +0 hat (worn)
 f - a +0 cloak (worn)
 g - a +0 ring mail (worn)
Jewellery
 m - a ring of positive energy
Wands
 t - a wand of paralysis (4)
Scrolls
 h - a scroll of enchant weapon {unknown}
 i - 2 scrolls of identify {unknown}
 j - 4 scrolls of noise {unknown}
 k - a scroll of fog {unknown}
 o - a scroll of vulnerability {unknown}
 p - a scroll of poison {unknown}
 q - a scroll of acquirement {unknown}
 r - a scroll of silence {unknown}
 s - a scroll of summoning {unknown}
 v - a scroll of enchant armour {unknown}
Potions
 l - a potion of curing {unknown}
 n - 2 potions of flight {unknown}
 u - a potion of resistance {unknown}


   Skills:
 + Level 3.4 Fighting
 * Level 5.2 Long Blades
 - Level 2.0 Throwing
 + Level 2.1 Armour
 + Level 4.0 Dodging


You had 3 spell levels left.
You didn't know any spells.
Your spell library contained the following spells:

 Spells                   Type           Power      Damage    Failure   Level
 Sandblast                Erth           0%         2d4       65%         1
 Passwall                 Tmut/Erth      0%         N/A       80%         2
 Call Canine Familiar     Summ           0%         N/A       95%         3
 Portal Projectile        Hex/Tloc       0%         N/A       95%         3
 Stone Arrow              Conj/Erth      0%         3d7       95%         3
 Leda's Liquefaction      Hex/Erth       0%         N/A       100%        4


Dungeon Overview and Level Annotations

Branches:
Dungeon (3/15)

Altars:

Shops:
D:3 (


Innate Abilities, Weirdness & Mutations

You have a pair of horns on your head.
You reflexively headbutt those who attack you in melee.


Message History

The gnoll hits you with a +0 club.
You slash the gnoll!
You kill the gnoll!
You barely miss the gnoll. The gnoll barely misses you.
You furiously retaliate!
You headbutt the gnoll, but do no damage.
You closely miss the gnoll. Your headbutt misses the gnoll.
The gnoll hits you with a +0 flail.
You hit the gnoll but do no damage. The gnoll closely misses you.
You furiously retaliate!
You headbutt the gnoll, but do no damage.
You slash the gnoll! Your headbutt misses the gnoll.
The gnoll is severely wounded.
The gnoll hits you with a +0 flail! The gnoll barely misses you.
The gnoll hits you with a +0 flail.
The gnoll hits you with a +0 long sword.
* * * LOW HITPOINT WARNING * * *
You are too injured to fight recklessly!
You are too injured to fight recklessly!
You barely miss the gnoll. Your headbutt misses the gnoll.
The gnoll is severely wounded.
The gnoll barely misses you. You furiously retaliate!
You headbutt the gnoll. The gnoll hits you but does no damage.
You hit the gnoll.
You kill the gnoll!
The gnoll barely misses you.
You hit the gnoll. Your headbutt misses the gnoll.
The gnoll is lightly wounded.
The gnoll barely misses you. You furiously retaliate!
You headbutt the gnoll. You slash the gnoll!
The gnoll is almost dead.
The gnoll misses you.
You hit the gnoll but do no damage.
The gnoll is severely wounded.
The gnoll hits you with a +0 long sword!
* * * LOW HITPOINT WARNING * * *
You hit the gnoll but do no damage.
The gnoll is severely wounded.
The gnoll hits you with a +0 long sword.
You die...

#..<..............
.....#.!?#..........###
......#...#.....##......
...)..#...#.....##......
...........##.#..........
#...........##.#..........
............##.#......#...
#.......#)g.##........#...
#.......@............#..#
#....................#..#
#....................#..#
#........................
###.........#...####......
............#...## #......
............#.........#..#
.........####.........####
.........####.............


You could see a gnoll.

Vanquished Creatures
  Ijyb (D:2)
  3 gnolls (D:3)
  An adder (D:2)
  3 worms (D:2)
  2 dart slugs
  7 endoplasms
  A giant cockroach (D:1)
  3 goblins
  5 hobgoblins
  2 jackals
  5 quokkas
  7 ball pythons
  3 bats
  3 frilled lizards
  4 kobolds
  6 rats
56 creatures vanquished.

Notes
Turn   | Place    | Note
-------+----------+-------------------------------------------
     0 | D:1      | Firos the Minotaur Gladiator began the quest for the Orb.
     0 | D:1      | Reached XP level 1. HP: 18/18 MP: 0/0
   147 | D:1      | Reached XP level 2. HP: 25/25 MP: 1/1
   148 | D:1      | Reached skill level 4 in Long Blades
   271 | D:1      | Reached skill level 1 in Armour
  1184 | D:2      | Reached XP level 3. HP: 25/30 MP: 2/2
  1934 | D:2      | Found a faded altar of an unknown god.
  1997 | D:2      | Reached XP level 4. HP: 38/38 MP: 3/3
  2062 | D:3      | Noticed Ijyb
  2065 | D:2      | Paralysed by Ijyb for 3 turns
  2072 | D:2      | Paralysed by Ijyb for 5 turns
  2080 | D:2      | Paralysed by Ijyb for 3 turns
  2083 | D:2      | Killed Ijyb
  2234 | D:3      | Reached skill level 5 in Long Blades
  2264 | D:3      | Found Rawkie's Antique Weapon Shoppe.
  2426 | D:3      | Slain by a gnoll

Illustrated notes

Levels and vault maps discovered:
D:1:      dpeg_arrival_another_circle, layout_basic
D:2:      layout_loops_cross, shapermc_ecumenical_altar_gd
D:3:      layout_basic, serial_shops, nicolae_diamond_shop, uniq_ijyb

Skill      XL: |  1  2  3  4 |
---------------+-------------+-----
Long Blades    | 4 5 |  5.2
Armour         | 1 2 |  2.1
Fighting       | 3 |  3.4
Dodging        | 4 |  4.0
Throwing       | |  2.0

Action                   |  1- 3 |  4- 6 || total
-------------------------+-------+-------++-------
Melee: Long sword        |    95 |    29 ||   124
       Headbutt          |    19 |     3 ||    22
       Punch             |     1 |     1 ||     2
Armor: Ring mail         |    24 |    14 ||    38
Dodge: Dodged            |    62 |    19 ||    81
